 Dungeon Crawl Stone Soup version 0.27-a0-732-ga892ba84f6 (webtiles) character file.

Game seed: 17632081395604111264

518 porpoise the Magician (level 7, -1/54 HPs)
             Began as a Djinni Fire Elementalist on Mar 23, 2021.
             Slain by an ogre
             ... wielding a +0 giant spiked club
              (21 damage)
             ... on level 4 of the Dungeon.
             The game lasted 00:25:40 (6415 turns).

porpoise the Magician (Djinni Fire Elementalist)    Turns: 6415, Time: 00:25:41

Health: -1/54      AC:  6    Str:  7    XL:     7   Next: 21%
Magic:  0/0        EV: 12    Int: 24    God:
Gold:   147        SH:  0    Dex: 14    Spells: 0/16 levels left

rFire    + + .     SeeInvis .   a - +0 short sword
rCold    x . .     Faith    .   (no shield)
rNeg     . . .     Spirit   .   d - +0 robe
rPois    ∞         Reflect  .   (no helmet)
rElec    .         Harm     .   (no cloak)
rCorr    .         Rampage  .   (no gloves)
Will     .....                  (boots unavailable)
Stlth    ++........             (no amulet)
HPRegen  0.18/turn              h - +4 ring of protection
MPRegen  0.00/turn              y - +6 ring of intelligence

@: flying, very slightly contaminated
A: fire resistance 2, cold vulnerability 1, float, innate caster, hp casting,
extra vitality 1
a: no special abilities


You were on level 4 of the Dungeon.
You visited 1 branch of the dungeon, and saw 4 of its levels.
You also visited: Sewer.

You collected 231 gold pieces.
You spent 84 gold pieces at shops.

Inventory:

Hand Weapons
 a - a +0 short sword (weapon)
 b - a +0 hand crossbow
Missiles
 c - 56 stones
 i - 18 sling bullets
 o - 14 poisoned darts (quivered)
 u - a curare-tipped dart
 v - 5 boomerangs
 w - 15 bolts
Armour
 d - a +0 robe (worn)
Magical Staves
 k - a staff of air
Jewellery
 h - a +4 ring of protection (right hand)
 y - a +6 ring of intelligence (left hand)
Wands
 l - a wand of digging (8)
Scrolls
 f - a scroll of immolation
 g - a scroll of teleportation
 m - a scroll of vulnerability {unknown}
 p - a scroll of noise
Potions
 j - 2 potions of lignification
 n - a potion of attraction
 q - 2 potions of heal wounds
 r - 2 potions of brilliance
 s - 3 potions of curing
 t - 3 potions of flight {unknown}
 x - a potion of cancellation {unknown}
 z - a potion of might {unknown}


   Skills:
 + Level 5.0 Fighting
 - Level 2.1 Dodging
 - Level 1.5 Stealth
 + Level 5.1 Spellcasting


You couldn't memorise any spells.
You knew the following spells:

 Your Spells              Type           Power      Damage    Failure   Level
a - Foxfire               Conj/Fire      100%       2x1d9     1%          1
b - Conjure Flame         Conj/Fire      30%        6-21      3%          3
c - Inner Flame           Hex/Fire       30%        N/A       3%          3
d - Sticky Flame          Conj/Fire      30%        2d5       11%         4
e - Fireball              Conj/Fire      15%        3d8       28%         5
f - Apportation           Tloc           60%        N/A       1%          1
g - Corpse Rot            Necr/Air       N/A        N/A       1%          2
h - Ozocubu's Armour      Ice            30%        N/A       3%          3
Your spell library was empty.

Dungeon Overview and Level Annotations

Branches:
Dungeon (4/15)              Sewer (visited)
 Temple: D:4-7

Altars:
Nemelex Xobeh
Ru
Yredelemnul

Shops:
D:2 ?

Annotations:
D:4 1 transporter


Innate Abilities, Weirdness & Mutations

You are immune to poison.
Your flesh is very heat resistant. (rF++)
You are vulnerable to cold. (rC-)
You float through the air rather than walking.
You learn spells naturally, not from books.
Your magical power is your life essence.
You have superior vitality. (+4 HP)


Message History

You conjure some foxfire!
The foxfire hits the wyvern.
The wyvern is severely wounded.
The foxfire hits the wyvern.
The wyvern is severely wounded.
The foxfire hits the wyvern.
The wyvern is almost dead.
Casting: Foxfire (safe; 1% risk of failure)
Confirm with . or Enter, or press ? or * to list all spells.
You miscast Foxfire.
You are very lightly contaminated with residual magic.
Nothing appears to happen.
The foxfire hits the wyvern.
You kill the wyvern!
Your Fighting skill increases to level 5!
Your Spellcasting skill increases to level 5!
You have reached level 7!
Spell assigned to 'h'.
The power to cast Ozocubu's Armour wells up from within.
Casting: Foxfire (safe; 1% risk of failure)
Confirm with . or Enter, or press ? or * to list all spells.
You conjure some foxfire!
The foxfire hits the necrophage!
The necrophage is moderately damaged.
The ogre hits you with a +0 giant spiked club.
Unknown command.
Press < or > to pray at altars.
Casting: Foxfire (safe; 1% risk of failure)
Confirm with . or Enter, or press ? or * to list all spells.
You conjure some foxfire!
The foxfire hits the ogre!
The ogre is heavily wounded.
The ogre misses you.
Unknown command.
Press < or > to pray at altars.
Casting: Foxfire (safe; 1% risk of failure)
Confirm with . or Enter, or press ? or * to list all spells.
You conjure some foxfire!
The foxfire hits the ogre!
The ogre is almost dead.
The foxfire hits the necrophage!
The necrophage is heavily damaged.
The necrophage hits you.
The ogre hits you with a +0 giant spiked club!!
You die...

.......# #..#
.......############.#
..................#.#
........#########...#
.......##...©...##..##
.......#8.##.##.8#)..#
#...##.#..##.##($#.#.#
#...#..#....?.(n)#...#
#.....©#..©....O@#©..#
#......#.......$v#..##
#......#..##.##?$#.##
#......#8.##.##.8#.#
###....##.......##.#
#.....#########..#
#...............##
#....############
#....#


You could see an ogre (ally target) and a necrophage.

Vanquished Creatures
  A wyvern (D:4)
  A kobold brigand (Sewer)
  A water moccasin skeleton (D:4)
  An orc priest (D:3)
  4 gnolls (D:3)
  6 adders
  An adder skeleton (D:4)
  3 worms
  2 dart slugs
  8 orcs
  7 giant cockroaches
  6 hobgoblins (D:3)
  5 jackals
  18 kobolds
  8 oozes
  7 quokkas (D:3)
  4 ball pythons
  7 bats
  8 frilled lizards
  6 goblins
  8 rats
112 creatures vanquished.

Vanquished Creatures (collateral kills)
  2 foxfires (Sewer)
2 creatures vanquished.

Vanquished Creatures (others)
  227 foxfires
227 creatures vanquished.

Grand Total: 341 creatures vanquished

Notes
Turn   | Place    | Note
-------+----------+-------------------------------------------
     0 | D:1      | porpoise the Djinni Fire Elementalist began the quest for
                  | the Orb.
     0 | D:1      | Reached XP level 1. HP: 15/15 MP: 0/0
   460 | D:1      | Reached skill level 1 in Fighting
   460 | D:1      | Reached XP level 2. HP: 21/22 MP: 0/0
  1635 | D:2      | Found a sacrificial altar of Ru.
  1724 | D:2      | Reached XP level 3. HP: 15/28 MP: 0/0
  1724 | D:2      | Learned a level 1 spell: Apportation
  2380 | D:2      | Found Umytueg's Magic Scroll Emporium.
  2395 | D:2      | Bought a scroll of noise for 12 gold pieces
  2395 | D:2      | Bought a scroll of identify for 24 gold pieces
  2395 | D:2      | Bought 2 scrolls of identify for 48 gold pieces
  2407 | D:2      | Reached XP level 4. HP: 31/33 MP: 0/0
  2663 | D:3      | Found a glowing drain.
  2754 | Sewer    | Entered a sewer
  3032 | Sewer    | Noticed a kobold brigand
  3052 | Sewer    | Killed a kobold brigand
  3053 | Sewer    | Reached XP level 5. HP: 7/40 MP: 0/0
  3053 | Sewer    | Learned a level 2 spell: Corpse Rot
  3874 | D:3      | Reached XP level 6. HP: 10/47 MP: 0/0
  6163 | D:4      | Found a sparkling altar of Nemelex Xobeh.
  6315 | D:4      | Found a transporter.
  6315 | D:4      | Found a transporter.
  6315 | D:4      | Noticed a wyvern
  6321 | D:4      | Noticed a necrophage
  6325 | D:4      | Found the +7 captain's cutlass {speed, disarm}
  6325 | D:4      | Found a basalt altar of Yredelemnul.
  6412 | D:4      | Killed a wyvern
  6413 | D:4      | Reached skill level 5 in Fighting
  6413 | D:4      | Reached skill level 5 in Spellcasting
  6413 | D:4      | Reached XP level 7. HP: 32/54 MP: 0/0
  6413 | D:4      | Learned a level 3 spell: Ozocubu's Armour
  6415 | D:4      | Slain by an ogre

Illustrated notes

Levels and vault maps discovered:
D:1:      dpeg_arrival_castle, layout_basic
D:2:      layout_basic, overflow_temple_1_default, serial_shops, shop,
          st_stairs_1
D:3:      layout_loops_cross, gup_sewer_entry_pipe
D:4:      layout_basic, nemelex_xobeh_ov_fountains_minmay,
          gammafunk_temple_overflow_arena, uniq_crazy_yiuf_cottage

Skill      XL: |  1  2  3  4  5  6 |
---------------+-------------------+-----
Fighting       | 1 2 3 5 |  5.0
Spellcasting   | 3 4 5 |  5.1
Dodging        | |  2.1
Stealth        | |  1.5

Action                   |  1- 3 |  4- 6 |  7- 9 || total
-------------------------+-------+-------+-------++-------
Melee: Unarmed           |     2 |       |       ||     2
       Short sword       |    24 |    63 |       ||    87
 Fire: Hand crossbow     |       |    24 |       ||    24
Throw: Dart              |    11 |    22 |       ||    33
 Cast: Foxfire           |    31 |   106 |     3 ||   140
  Use: Scroll            |     2 |     8 |       ||    10
       Potion            |       |     2 |       ||     2
 Stab: Sleeping          |     1 |     1 |       ||     2
Armor: Robe              |     4 |    15 |       ||    19
Dodge: Dodged            |    18 |    62 |     1 ||    81

Table legend: (Time is in decaauts)
 A = Elapsed time spent in this place.
 B = Non-inter-level travel time spent in this place.
 C = Inter-level travel time spent in this place.
 D = Time resting spent in this place.
 E = Time spent auto-exploring this place.
 F = Levels seen in this place.
 G = Mean time per level.
                   A        B        C        D        E       F      G
               +--------+--------+--------+--------+--------+-----+--------+
         Total |   6426 |   6379 |     47 |   3350 |   1987 |   5 | 1285.2 |
       Dungeon |   5706 |   5659 |     47 |   3012 |   1879 |   4 | 1426.5 |
         Sewer |    720 |    720 |      0 |    338 |    108 |   1 |  720.0 |
               +--------+--------+--------+--------+--------+-----+--------+

Top non-repeatable levels by time:
     D:3: 2618 daAuts
     D:1: 1626 daAuts
     D:2: 945 daAuts
   Sewer: 720 daAuts
     D:4: 515 daAuts
